 Dungeon Crawl Stone Soup version 0.29.1-15-g9cfb28693d (webtiles) character file.

Game seed: 16746290288800587168

32 Descartes the Digger (level 3, -9/19 HPs)
             Began as a Gargoyle Earth Elementalist on Feb 22, 2023.
             Was an Initiate of Ashenzari.
             Mangled by Crazy Yiuf
             ... wielding a +2 quarterstaff of chaos
              (10 damage)
             ... on level 2 of the Dungeon.
             The game lasted 00:04:10 (1043 turns).

Descartes the Digger (Gargoyle Earth Elementalist)  Turns: 1043, Time: 00:04:11

Health: -9/19      AC:  5    Str: 13    XL:     3   Next: 27%
Magic:  3/6        EV: 11    Int: 15    God:    Ashenzari [......]
Gold:   75         SH:  0    Dex: 10    Spells: 5/6 levels left

rFire   . . .      SeeInvis .   k - +0 hammer
rCold   . . .      Faith    .   (no shield)
rNeg    + . .      Spirit   .   a - +0 robe "Gnostic Soothsayer" {Bglg, Alch} (curse)
rPois   ∞          Reflect  .   (no helmet)
rElec   +          Harm     .   (no cloak)
rCorr   .          Rampage  .   (no gloves)
Will    .....                   (no boots)
Stlth   ++........              (no amulet)
HPRegen 0.06/turn               (no ring)
MPRegen 0.10/turn               (no ring)

@: no status effects
A: sickness immunity, AC +3, negative energy resistance 1, electricity
resistance, torment resistance 1, petrification resistance
a: Renounce Religion, Shatter the Chains


You were on level 2 of the Dungeon.
You worshipped Ashenzari.
Ashenzari was noncommittal.
You visited 1 branch of the dungeon, and saw 2 of its levels.

You collected 75 gold pieces.

Inventory:

Hand Weapons
 k - a +0 hammer (weapon)
Missiles
 j - 3 poisoned darts
Armour
 a - the cursed +0 robe "Gnostic Soothsayer" (worn) {Bglg, Alch}

   It has a curse which improves the following skills: Beguiling: Conjurations,
   Hexes and Translocations.
   Alchemy:   Poison Magic and Transmutations.
Scrolls
 c - 3 scrolls of identify {unknown}
 d - a scroll of poison {unknown}
 e - a scroll of immolation {unknown}
 i - a scroll of fog {unknown}
Potions
 b - a potion of magic
 f - a potion of flight {unknown}
 g - a potion of curing {unknown}
 h - 2 potions of lignification {unknown}


   Skills:
 - Level 1.5 Dodging
 - Level 2.1 Stealth
 + Level 2.1 Spellcasting
 + Level 0.3(0.4) Conjurations
 + Level 1.0(1.2) Transmutations
 + Level 4.9 Earth Magic


You had 5 spell levels left.
You knew the following spells:

 Your Spells              Type           Power      Damage    Failure   Level
a - Sandblast             Erth           32%        2d9       3%          1

Your spell library contained the following spells:

 Spells                   Type           Power      Damage    Failure   Level
 Passwall                 Tmut/Erth      8%         N/A       10%         2
 Stone Arrow              Conj/Erth      18%        3d8       22%         3
 Petrify                  Tmut/Erth      10%        N/A       52%         4


Dungeon Overview and Level Annotations

Branches:
Dungeon (2/15)

Altars:
Ashenzari

Annotations:
D:2 Crazy Yiuf


Innate Abilities, Weirdness & Mutations

You are immune to sickness and miasma.
Your stone body is resilient. (AC +3)
You are immune to poison.
You resist negative energy. (rN+)
You are resistant to electric shocks. (rElec)
You are resistant to unholy torment.
You are immune to petrification.


Message History

You see here a +0 hammer.
You see here a +0 hammer.
k - a +0 hammer
k - a +0 hammer (weapon)
Found a hammer.
Crazy Yiuf shouts!
As you open the door, it creaks loudly!
Crazy Yiuf drinks a potion.
Crazy Yiuf seems to speed up.
Casting: Sandblast (safe; 3% risk of failure)
Confirm with . or Enter, or press ? or * to list all spells.
Aiming: Sandblast (safe; 3% risk of failure)
Press: ? - help, Shift-Dir - straight line, f - Crazy Yiuf
Aim: Crazy Yiuf, wielding a +2 quarterstaff of chaos and wearing a +0 cloak (fast, 84% to hit)
The blast of sand hits Crazy Yiuf but does no damage.
Crazy Yiuf says, "Citrus!
Candle poople senile."
Casting: Sandblast (safe; 3% risk of failure)
Confirm with . or Enter, or press ? or * to list all spells.
Aiming: Sandblast (safe; 3% risk of failure)
Press: ? - help, Shift-Dir - straight line, f/p - Crazy Yiuf
Aim: Crazy Yiuf, wielding a +2 quarterstaff of chaos and wearing a +0 cloak (fast, 84% to hit)
The blast of sand hits Crazy Yiuf!
Crazy Yiuf is heavily wounded.
Crazy Yiuf closely misses you.
Crazy Yiuf hits you with a +2 quarterstaff of chaos!
Ouch! That really hurt!
Crazy Yiuf burns you.
* * * LOW HITPOINT WARNING * * *
Casting: Sandblast (safe; 3% risk of failure)
Confirm with . or Enter, or press ? or * to list all spells.
Aiming: Sandblast (safe; 3% risk of failure)
Press: ? - help, Shift-Dir - straight line, f/p - Crazy Yiuf
Aim: Crazy Yiuf, wielding a +2 quarterstaff of chaos and wearing a +0 cloak (heavily wounded, fast, 84% to hit)
The blast of sand hits Crazy Yiuf!
Crazy Yiuf is almost dead.
Crazy Yiuf screams, "Cake!"
Crazy Yiuf barely misses you.
Crazy Yiuf screams, "Rot!"
Crazy Yiuf hits you with a +2 quarterstaff of chaos!
Ouch! That really hurt!
You die...

#######
......#
#####
#####†#
#)..# #.#
#).)#
#####.###
.).
#.......#
#g#
#.###.#.####
#@##
#.###.#....#
##.#
...........#
#.##
#.####.#####
##)# #.# #.#
##)## #.#
#.# ##P.)#
..# #.#
#P.PP# ###
#.# #....#
#.# #....#


You could see Crazy Yiuf (fast).

Vanquished Creatures
  A dart slug (D:1)
  A bat (D:1)
  2 endoplasms (D:1)
  3 giant cockroaches
  3 hobgoblins
  2 jackals (D:1)
  A quokka (D:1)
  5 ball pythons
  3 frilled lizards
  4 kobolds
  4 rats
29 creatures vanquished.

Vanquished Creatures (others)
  2 fungi (D:1)
2 creatures vanquished.

Grand Total: 31 creatures vanquished

Notes
Turn   | Place    | Note
-------+----------+-------------------------------------------
     0 | D:1      | Descartes the Gargoyle Earth Elementalist began the quest
                  | for the Orb.
     0 | D:1      | Reached XP level 1. HP: 10/10 MP: 3/3
   113 | D:1      | Reached skill level 4 in Earth Magic
   137 | D:1      | Reached XP level 2. HP: 15/15 MP: 0/5
   334 | D:1      | Found a faded altar of an unknown god.
   357 | D:1      | Prayed at the altar of an unknown god.
   357 | D:1      | Became a worshipper of Ashenzari the Shackled
   730 | D:2      | Reached XP level 3. HP: 19/19 MP: 4/6
   933 | D:2      | Reached skill level 1 in Transmutations
  1034 | D:2      | Found a runed translucent door.
  1035 | D:2      | Noticed Crazy Yiuf
  1043 | D:2      | Mangled by Crazy Yiuf

Illustrated notes

Levels and vault maps discovered:
D:1:      tarquinn_simple_flora_water_f, layout_rooms,
          ebering_ecumenical_altar_webs, minmay_misc_feat_square,
          feat_on_display
D:2:      layout_loops_ring, uniq_crazy_yiuf_cottage

Skill      XL: |  1  2  3 |
---------------+----------+-----
Earth Magic    | 4 |  4.9
Transmutations | 1 |  1.0
Dodging        | |  1.5
Stealth        | |  2.1
Spellcasting   | |  2.1
Conjurations   | |  0.3

Action                   || total
-------------------------++-------
Melee: Unarmed           ||     5
 Cast: Sandblast         ||    44
Invok: Curse Item        ||     1
Armor: Robe              ||    20
Dodge: Dodged            ||    35
